 Dungeon Crawl Stone Soup version 0.29-a0-551-gffc1d7fb78 (webtiles) character file.

Game seed: 16028261549956365290

60 vulpzor the Magician (level 3, 0/28 HPs)
             Began as a Deep Elf Earth Elementalist on June 5, 2022.
             Was a Follower of Uskayaw.
             Killed from afar by Sigmund (4 damage)
             ... with a puff of flame
             ... on level 2 of the Dungeon.
             The game lasted 00:07:07 (1094 turns).

vulpzor the Magician (Deep Elf Earth Elementalist)  Turns: 1094, Time: 00:07:07

Health: 0/28       AC: 21    Str:  5    XL:     3   Next: 80%
Magic:  11/11      EV:  2    Int: 21    God:    Uskayaw [*.....]
Gold:   123        SH:  0    Dex: 15    Spells: 8/11 levels left

rFire   . . .      SeeInvis .   (no weapon)
rCold   . . .      Faith    .   (no shield)
rNeg    . . .      Spirit   .   (body armour currently unavailable)
rPois   +          Reflect  .   (helmet currently unavailable)
rElec   .          Harm     .   (cloak currently unavailable)
rCorr   .          Rampage  .   (gloves currently unavailable)
Will    .....      NoTele   +   (boots currently unavailable)
Stlth   ++........              (no amulet)
HPRegen 0.09/turn               (no ring)
MPRegen 0.12/turn               (no ring)

@: tree-form, hasted, very quick
A: stationary, stasis, torment immunity, boosted hp
a: Renounce Religion, Stomp


You were on level 2 of the Dungeon.
You worshipped Uskayaw.
Uskayaw was noncommittal.
You were a tree.
You visited 1 branch of the dungeon, and saw 2 of its levels.

You collected 123 gold pieces.

Inventory:

Missiles
 a - 77 stones
Armour
 b - a +0 robe (melded)
Jewellery
 e - a ring of protection from cold
Scrolls
 f - a scroll of noise {unknown}
 g - a scroll of poison {unknown}
 i - 2 scrolls of identify
Potions
 c - a potion of magic


   Skills:
 + Level 2.6 Dodging
 + Level 2.6 Stealth
 + Level 4.5 Spellcasting
 + Level 1.1 Transmutations
 + Level 4.1 Earth Magic


You had 8 spell levels left.
You knew the following spells:

 Your Spells              Type           Power      Damage    Failure   Level
a - Sandblast             Erth           44%        2d11      1%          1
b - Passwall              Tmut/Erth      12%        N/A       6%          2

Your spell library contained the following spells:

 Spells                   Type           Power      Damage    Failure   Level
 Magic Dart               Conj           16%        1d3       12%         1
 Necrotize                Necr           16%        1d4       12%         1
 Stone Arrow              Conj/Erth      26%        3d8       14%         3
 Call Imp                 Summ           4%         N/A       17%         2
 Mephitic Cloud           Conj/Pois/Air  4%         N/A       34%         3
 Ozocubu's Armour         Ice            4%         N/A       34%         3
 Vampiric Draining        Necr           4%         2d6       34%         3
 Petrify                  Tmut/Erth      15%        N/A       36%         4
 Agony                    Necr           4%         N/A       97%         5
 Metabolic Englaciation   Hex/Ice        2%         N/A       97%         5
 Simulacrum               Ice/Necr       2%         N/A       100%        6


Dungeon Overview and Level Annotations

Branches:
Dungeon (2/15)

Altars:
Uskayaw

Annotations:
D:2 Sigmund


Message History

Deactivating autopickup; reactivate with Ctrl-A.
You see here a +0 ring mail.
A magic dart appears from out of thin air!
The magic dart hits you.
It was a potion of haste.
You feel yourself speed up. Something hits you!
Ouch! That really hurt!
* * * LOW HITPOINT WARNING * * *
It was a potion of lignification.
You turn into a tree.
Your +0 robe melds into your body.
Your roots penetrate the ground.
You cannot move.
You cannot move.
You cannot move.
You cannot move.
You cannot move.
You cannot move.
You cannot move.
You cannot move.
You cannot move.
You cannot move.
You cannot move.
You cannot move.
You cannot move.
You start resting.
Something hits you but does no damage.
You cannot move.
You cannot move.
You cannot move.
You cannot move.
You cannot move.
You cannot move.
You cannot move.
You cannot move.
You cannot move.
You cannot move.
You cannot move.
You cannot move.
You hear some strange, mumbled words.
A puff of flame appears from out of thin air!
The puff of flame hits you.
You die...

#####
....###############
###.......#....)♣.#
#######.#.#####.#
#...#.#.#...#{#
#.#...#.#.#[..#
#.#####.# #####
#.......#
############# ##.
.......###.######
...
######.[.....[..#
#..##


There were no monsters in sight!

Vanquished Creatures
  3 adders (D:2)
  A worm (D:2)
  4 endoplasms
  A goblin (D:1)
  4 hobgoblins
  A jackal (D:1)
  A quokka (D:1)
  3 ball pythons
  4 bats
  2 frilled lizards
  3 kobolds
  3 rats (D:1)
30 creatures vanquished.

Notes
Turn   | Place    | Note
-------+----------+-------------------------------------------
     0 | D:1      | vulpzor the Deep Elf Earth Elementalist began the quest for
                  | the Orb.
     0 | D:1      | Reached XP level 1. HP: 10/10 MP: 6/6
    89 | D:1      | Reached XP level 2. HP: 15/15 MP: 1/8
   385 | D:1      | Found a faded altar of an unknown god.
   397 | D:1      | Prayed at the altar of an unknown god.
   397 | D:1      | Became a worshipper of Uskayaw the Reveller
   397 | D:1      | Reached * piety under Uskayaw
   449 | D:1      | Learned a level 2 spell: Passwall
   627 | D:2      | Reached ** piety under Uskayaw
   628 | D:2      | Reached XP level 3. HP: 19/19 MP: 6/10
  1081 | D:2      | Noticed Sigmund
  1094 | D:2      | Killed from afar by Sigmund

Illustrated notes

Levels and vault maps discovered:
D:1:      scummos_arrival_simple_crosswalls, layout_loops_cross,
          ebering_ecumenical_altar_rust, dk_noncrumbling_2, solitary_fountain,
          serial_bayou_pond_a, minmay_misc_feat_rows, minmay_vboxes
D:2:      kennysheep_the_goblin_king, layout_loops_ring, corexii_shack,
          patterned_corridor, uniq_sigmund

Skill      XL: |  1  2  3 |
---------------+----------+-----
Spellcasting   | 4 |  4.5
Earth Magic    | 4 |  4.1
Dodging        | |  2.6
Stealth        | |  2.6
Transmutations | |  1.1

Action                   || total
-------------------------++-------
Melee: Unarmed           ||     6
 Cast: Sandblast         ||    33
  Use: Scroll            ||     1
       Potion            ||     2
Armor: Robe              ||     4
       Skin              ||     1
Dodge: Dodged            ||    10

Table legend: (Time is in decaauts)
 A = Elapsed time spent in this place.
 B = Non-inter-level travel time spent in this place.
 C = Inter-level travel time spent in this place.
 D = Time resting spent in this place.
 E = Time spent auto-exploring this place.
 F = Levels seen in this place.
 G = Mean time per level.
                   A        B        C        D        E       F      G
               +--------+--------+--------+--------+--------+-----+--------+
         Total |   1091 |   1091 |      0 |      1 |    623 |   2 |  545.5 |
       Dungeon |   1091 |   1091 |      0 |      1 |    623 |   2 |  545.5 |
               +--------+--------+--------+--------+--------+-----+--------+

Top non-repeatable levels by time:
     D:2: 577 daAuts
     D:1: 514 daAuts
